 Dungeon Crawl Stone Soup version bcrawl-1.12.2 (webtiles) character file.

Game seed: 8958697018043878568

91 Ebbett the Conjurer (level 4, -1/27 HPs)
             Began as a Fairy Conjurer on July 24, 2019.
             Killed by divine providence
             ... invoked by an orc priest
              (11 damage)
             ... on level 3 of the Dungeon.
             The game lasted 00:04:12 (1044 turns).

Ebbett the Conjurer (Fairy Conjurer)                Turns: 1044, Time: 00:04:12

Health: -1/27      AC:  4    Str:  6    XL:     4   Next: 59%
Magic:  11/11      EV: 16    Int: 20    God:
Gold:   85         SH:  4    Dex: 12    Spells: 9/10 levels left

rFire    . . .     SeeInvis .   (weapon restricted)
rCold    . . .     Gourm    .   (shield restricted)
rNeg     . . .     Faith    .   (armour unavailable)
rPois    .         Spirit   .   (no helmet)
rElec    .         Reflect  .   (no cloak)
rCorr    .         Harm     .   (no gloves)
MR       .....                  (no boots)
Stlth    +.........             (no amulet)
HPRegen  0.09/turn              (no ring)
MPRegen  0.12/turn              (no ring)

@: flying evasively, very slightly contaminated
A: small, magic attunement, unstealthy, unfitting armour, able to fly, AC/SH +4
a: Stop Flying


You were on level 3 of the Dungeon.
You were not hungry.

You visited 1 branch of the dungeon, and saw 3 of its levels.

You collected 85 gold pieces.

Inventory:

Jewellery
 a - an uncursed amulet of the acrobat {unknown}
Wands
 k - a wand of enslavement (8)
Scrolls
 c - a scroll of amnesia {unknown}
 d - 2 scrolls of identify {unknown}
 f - a scroll of fog {unknown}
 g - a scroll of blinking {unknown}
 h - 2 scrolls of remove curse {unknown}
 i - 3 scrolls of teleportation {unknown}
Potions
 e - a potion of cancellation {unknown}
 j - 3 potions of curing {unknown}
Comestibles
 b - 3 rations {!d}


   Skills:
 + Level 3.0 Dodging
 + Level 1.6 Stealth
 + Level 3.6 Spellcasting
 + Level 6.4 Conjurations


You had 9 spell levels left.
You knew the following spells:

 Your Spells              Type           Power        Failure   Level  Hunger
a - Magic Dart            Conj           ####         1%          1    None

Your spell library contained the following spells:

 Spells                   Type           Power        Failure   Level  Hunger
 Searing Ray              Conj           ####..       1%          2    None
 Iskenderun's Mystic Bla  Conj           ####....     2%          3    None
 Fulminant Prism          Conj/Hex       ###.......   34%         4    None
 Irradiate                Conj/Tmut      ###.......   69%         5    None


Dungeon Overview and Level Annotations

Branches:
Dungeon (3/12)

Altars:


Innate Abilities, Weirdness & Mutations

Your spells do not cause hunger and MP costs are reduced by 1.
Your bright wings attract enemies. (Stealth-)
You cannot fit into any form of body armour.
Your shimmering scales are hard and can block incoming attacks. (AC +4, SH +4)
You are small and have problems with some larger weapons.
You can fly continuously.


Message History

The orc priest mumbles some strange prayers to Beogh against you.
Pain shoots through your body!
Casting: Magic Dart (safe; 1% risk of failure)
Confirm with . or Enter, or press ? or * to list all spells.
Aiming: Magic Dart (safe; 1% risk of failure)
Press: ? - help, Shift-Dir - straight line, f/p - orc
Aim: an orc, wielding a +0 short sword and wearing a +0 ring mail (moderately wounded)
The magic dart hits the orc.
The orc is severely wounded.
The orc misses you.
Casting: Magic Dart (safe; 1% risk of failure)
Confirm with . or Enter, or press ? or * to list all spells.
Aiming: Magic Dart (safe; 1% risk of failure)
Press: ? - help, Shift-Dir - straight line, f/p - orc
Aim: an orc, wielding a +0 short sword and wearing a +0 ring mail (severely wounded)
The magic dart hits the orc.
You kill the orc!
The orc priest mumbles some strange prayers to Beogh against you.
Beogh smites you!
You die...

#. #.........# .#
...#(........# .#
.#..#.......#####.##
...................#
#....######....#
####...##....>.##
####......#.....#
.).####o...####.......#
......)@#### ##......#
..####### ###....#
##...### #.......
#.†..<## #.....#
#####.# #.# #.#


You could see an orc priest.

Vanquished Creatures
  An adder (D:2)
  2 oozes (D:2)
  A worm (D:2)
  2 dart slugs
  2 leopard geckos
  3 orcs (D:3)
  2 ball pythons (D:2)
  3 bats
  2 giant cockroaches
  8 goblins
  A hobgoblin (D:1)
  15 jackals
  5 kobolds
  2 frilled lizards (D:1)
  4 rats
53 creatures vanquished.

Notes
Turn   | Place    | Note
-------+----------+-------------------------------------------
     0 | D:1      | Ebbett the Fairy Conjurer began the quest for the Orb.
     0 | D:1      | Reached XP level 1. HP: 11/11 MP: 6/6
    88 | D:1      | Reached skill level 5 in Conjurations
    93 | D:1      | Reached XP level 2. HP: 13/17 MP: 7/7
   261 | D:1      | Reached XP level 3. HP: 21/21 MP: 9/9
   688 | D:2      | Reached skill level 6 in Conjurations
   831 | D:2      | Reached XP level 4. HP: 27/27 MP: 10/10
  1044 | D:3      | Killed from afar by an orc priest

Skill      XL: |  1  2  3 |
---------------+----------+-----
Conjurations   | 5 6 |  6.4
Spellcasting   | 3 |  3.6
Dodging        | 3 |  3.0
Stealth        | |  1.6

Action                   |  1- 3 |  4- 6 || total
-------------------------+-------+-------++-------
 Cast: Magic Dart        |    83 |    44 ||   127
Armor: Skin              |     5 |     2 ||     7
Dodge: Dodged            |    25 |     7 ||    32
Block: Other             |     7 |     3 ||    10
